[Event "29th Bosnjaci Open 2025"]
[Site "Bosnjaci"]
[Date "2025.01.06"]
[Round "5.17"]
[White "Ekmescic, Tarik"]
[Black "Sipic, Hrvoje"]
[Result "0-1"]
[ECO "B45"]
[WhiteElo "1967"]
[BlackElo "2213"]
[Annotator "TA"]
[PlyCount "56"]
[EventDate "2025.01.04"]
[EventType "swiss"]
[EventCountry "CRO"]
[SourceTitle "playchess.com"]
[Source "ChessBase"]
[SourceQuality "1"]
[TimeControl "5400+30"]

1. e4 c5 2. Nf3 Nc6 3. d4 cxd4 4. Nxd4 Nf6 5. Nc3 e6 6. Nxc6 bxc6 7. Bd3 e5 8. O-O Bc5 9. Na4 Be7 10. Qe2 Qc7 11. c4 O-O 12. c5 d5 13. cxd6 Bxd6 14. Be3 Qa5 15. b3 Ba3 16. Bd2 Qc7 17. b4 (17. Rfd1 $16) 17... Qd6 18. Rab1 Bg4 (18... Rb8 $11 {keeps the balance.}) 19. Qe3 {[%emt 0:01:34] [#]} (19. f3 $16 Be6 20. Nc5) 19... a5 $1 $11 20. Nb6 {[%emt 0:02:16] Strongly threatening Nc4.} (20. bxa5 Rfd8 21. Nb6 (21. Rb3 Be6 $17) 21... Bc5 $17 (21... Qxd3 22. Qxd3 Rxd3 23. Nxa8 $16)) 20... Rad8 21. Rb3 $1 Bxb4 22. Nc4 Qe7 23. Nxa5 Bxd2 24. Qxd2 Qc7 (24... Nxe4 $2 25. Qe3 Nc5 26. Nxc6 $18) 25. Rc1 Rd6 (25... Nxe4 26. Qe1 Nf6 27. Nxc6 $16) 26. Nc4 Rd4 $1 27. Qg5 Be6 {[%emt 0:01:53] Hoping for ...Rfd8.} 28. Rbc3 $2 {[%emt 0:04:21][%mdl 8192] [#]} (28. f3 $11 {and White is okay.}) 28... Bxc4 $1 ({Weaker is} 28... Nxe4 29. Bxe4 Rxe4 30. a3 $17) 0-1

[Event "29th Bosnjaci Open 2025"]
[Site "Bosnjaci"]
[Date "2025.01.06"]
[Round "5.18"]
[White "Goric, Esad"]
[Black "Kukic, Lora"]
[Result "1/2-1/2"]
[ECO "D04"]
[WhiteElo "2182"]
[BlackElo "1961"]
[Annotator "RC"]
[PlyCount "150"]
[EventDate "2025.01.04"]
[EventType "swiss"]
[EventCountry "CRO"]
[SourceTitle "playchess.com"]
[Source "ChessBase"]
[SourceQuality "1"]
[TimeControl "5400+30"]

1. Nf3 g6 2. b3 Bg7 3. d4 d5 4. Bb2 Nf6 5. e3 O-O 6. Be2 a5 7. O-O a4 8. c4 c6 9. Nc3 a3 10. Bc1 Bf5 11. Bd2 Na6 12. cxd5 Nxd5 13. Nxd5 Qxd5 14. Rc1 Qd6 15. Qe1 Rfd8 16. Bxa6 Rxa6 17. Bb4 Qe6 18. Qe2 Bf6 19. Rfd1 g5 20. Bc3 Bg4 21. h3 Bh5 22. e4 h6 23. Qe3 Bg7 24. g4 Bg6 25. Ne5 Bh7 26. f3 Raa8 27. Qe2 c5 28. d5 Qd6 29. Nc4 Qg3+ 30. Qg2 Qf4 31. Bxg7 Kxg7 32. Qf2 b5 33. Ne3 Rac8 34. Kg2 e6 35. Rc2 exd5 36. Nxd5 Qd6 37. Qg3 Qxg3+ 38. Kxg3 f6 39. Kf2 Bg8 40. Ne3 Rxd1 41. Nxd1 c4 42. b4 c3 43. Rxc3 Rd8 44. Ke1 Rd4 45. Rxa3 Rxb4 46. Kd2 Rd4+ 47. Kc2 Rc4+ 48. Kd2 Rd4+ 49. Ke1 b4 50. Ra7+ Kg6 51. Ne3 Rd3 52. Ke2 Ra3 53. Rxa3 bxa3 54. Nd5 Kf7 55. Ke3 Ke6 56. Kd4 Kd6 57. Nc3 Kc6 58. Nb1 Bxa2 59. Nxa3 Kd6 60. Nc2 Bf7 61. Ne3 h5 62. Nf5+ Kd7 63. e5 hxg4 64. hxg4 Ke6 65. Ng7+ Ke7 66. Nf5+ Ke6 67. exf6 Kxf6 68. Ng3 Bb3 69. Ke3 Ba4 70. Ne4+ Kg6 71. f4 gxf4+ 72. Kxf4 Bb3 73. Nf2 Ba2 74. Nd3 Bb3 75. Ne5+ Kg7 1/2-1/2

[Event "29th Bosnjaci Open 2025"]
[Site "Bosnjaci"]
[Date "2025.01.06"]
[Round "5.19"]
[White "Vidovic, Sasa"]
[Black "Pehar, Borna"]
[Result "1-0"]
[ECO "D00"]
[WhiteElo "2173"]
[BlackElo "1954"]
[Annotator "RC"]
[PlyCount "68"]
[EventDate "2025.01.04"]
[EventType "swiss"]
[EventCountry "CRO"]
[SourceTitle "playchess.com"]
[Source "ChessBase"]
[SourceQuality "1"]
[TimeControl "5400+30"]

1. d4 Nf6 2. Bg5 d5 3. Bxf6 exf6 4. e3 Bd6 5. Nf3 O-O 6. Bd3 c6 7. c4 dxc4 8. Bxc4 Nd7 9. Nc3 Nb6 10. Bb3 Bg4 11. h3 Bh5 12. g4 Bg6 13. Nh4 c5 14. Nxg6 hxg6 15. dxc5 Bxc5 16. Qxd8 Rfxd8 17. Ke2 f5 18. Rhd1 Kf8 19. Rac1 Be7 20. Nb5 a6 21. Nd4 fxg4 22. hxg4 Rac8 23. Nf3 Rxc1 24. Rxc1 Bf6 25. g5 Bxb2 26. Rb1 Bc3 27. Bxf7 Rd6 28. Bb3 a5 29. Rc1 Bb4 30. Rc7 a4 31. Bc2 Ba5 32. Rxb7 Rc6 33. Be4 Rc4 34. Bxg6 Bc3 1-0

[Event "29th Bosnjaci Open 2025"]
[Site "Bosnjaci"]
[Date "2025.01.06"]
[Round "5.20"]
[White "Novak, Ivo"]
[Black "Vujnovic, Patricija"]
[Result "0-1"]
[ECO "B15"]
[WhiteElo "1957"]
[BlackElo "2121"]
[Annotator "RC"]
[PlyCount "88"]
[EventDate "2025.01.04"]
[EventType "swiss"]
[EventCountry "CRO"]
[SourceTitle "playchess.com"]
[Source "ChessBase"]
[SourceQuality "1"]
[TimeControl "5400+30"]

1. e4 c6 2. d4 d5 3. Nc3 dxe4 4. Nxe4 Nf6 5. Ng5 h6 6. Nxf7 Kxf7 7. Nf3 e6 8. Bd3 Bd6 9. Qe2 Nbd7 10. Bd2 Qc7 11. O-O-O b5 12. Rhe1 Nf8 13. Kb1 a5 14. h3 Kg8 15. g4 Bd7 16. Rg1 Be8 17. g5 hxg5 18. Bxg5 Nd5 19. Ne5 Bxe5 20. dxe5 Bh5 21. f3 Qf7 22. Be4 Ng6 23. Rg3 Ngf4 24. Qd2 g6 25. Rdg1 Kh7 26. Bf6 Rhg8 27. Rg5 Raf8 28. Qh2 Nxf6 29. exf6 Qxf6 30. Qg3 Kh6 31. Qh4 e5 32. c3 c5 33. Bc2 b4 34. cxb4 axb4 35. Bb3 Rg7 36. Bc4 Qd8 37. Qg3 Qd4 38. Bb3 Qd3+ 39. Bc2 Qxf3 40. Qh4 Qe3 41. R5g3 Qd4 42. Bxg6 Rxg6 43. Rxg6+ Nxg6 44. Qg5+ Kg7 0-1

[Event "29th Bosnjaci Open 2025"]
[Site "Bosnjaci"]
[Date "2025.01.06"]
[Round "6.1"]
[White "Saric, Ante"]
[Black "Zaja, Ivan"]
[Result "1/2-1/2"]
[ECO "E19"]
[WhiteElo "2483"]
[BlackElo "2418"]
[Annotator "TA"]
[PlyCount "54"]
[EventDate "2025.01.04"]
[EventType "swiss"]
[EventCountry "CRO"]
[SourceTitle "playchess.com"]
[Source "ChessBase"]
[SourceQuality "1"]
[TimeControl "5400+30"]

1. Nf3 Nf6 2. c4 b6 3. g3 Bb7 4. Bg2 e6 5. O-O Be7 6. d4 O-O 7. Nc3 Ne4 8. Qc2 Nxc3 9. Qxc3 c5 10. Rd1 d6 11. b3 Bf6 12. Bb2 Qe7 13. Qc2 Nc6 14. e3 Nb4 15. Qe2 Be4 16. Ne1 Bxg2 17. Nxg2 cxd4 18. exd4 d5 19. Ne3 Rfd8 20. Ng4 Rac8 21. Ba3 a5 22. Rac1 h5 23. Nxf6+ Qxf6 24. Bxb4 axb4 25. Qxh5 dxc4 26. bxc4 Rxd4 27. Qb5 Rxd1+ 1/2-1/2

[Event "29th Bosnjaci Open 2025"]
[Site "Bosnjaci"]
[Date "2025.01.06"]
[Round "6.2"]
[White "Pap, Misa"]
[Black "Kovacevic, Blazimir"]
[Result "1-0"]
[ECO "B01"]
[WhiteElo "2436"]
[BlackElo "2379"]
[Annotator "TA"]
[PlyCount "121"]
[EventDate "2025.01.04"]
[EventType "swiss"]
[EventCountry "CRO"]
[SourceTitle "playchess.com"]
[Source "ChessBase"]
[SourceQuality "1"]
[TimeControl "5400+30"]

1. e4 d5 2. exd5 Qxd5 3. Nc3 Qd6 4. d4 Nf6 5. Nf3 c6 6. Ne5 Nbd7 {[%emt 0:00:18] B01: Scandinavian Defence.} 7. Nc4 Qc7 8. Qf3 Nb6 9. Bf4 Qd8 10. Be5 Be6 11. Ne3 g6 12. d5 Nbxd5 13. Nexd5 Bxd5 14. Nxd5 Qxd5 15. Qxd5 cxd5 16. Bb5+ Kd8 17. Bxf6 exf6 18. O-O-O Kc7 19. Rxd5 Bd6 $146 ({Predecessor:} 19... Bh6+ 20. Kb1 Rad8 21. Rhd1 Rxd5 22. Rxd5 a6 23. Bf1 {½-½ Bromberger,S (2479)-Stocek,J (2555) BL2-Ost 2223 2022 (10.1)}) 20. Rhd1 Rad8 21. g3 a6 22. Ba4 f5 23. a3 b6 24. b4 a5 (24... f4 $11 {remains equal.}) 25. c3 $16 (25. bxa5 Bxa3+ 26. Kb1 bxa5 $11) 25... f4 26. Kc2 axb4 27. axb4 f6 28. R5d4 $1 fxg3 29. hxg3 h5 30. Rc4+ Kb8 31. Bc6 $1 Rh7 32. Rcd4 Kc7 33. Be4 f5 34. Ra1 Rdd7 (34... fxe4 $2 35. Ra7+ Kc6 36. Rxh7 $18) 35. Bf3 Be5 36. Rc4+ Kd8 37. Rc6 (37. Bc6 $16 Ra7 38. Re1 Ra2+ 39. Kb1) 37... Rc7 $11 38. Ra8+ (38. Rxg6 $2 Rxc3+ 39. Kd1 Rd7+ (39... Rxf3 40. Ra8+ Kd7 41. Rxb6 $19) 40. Ke1 Rxf3 $19) 38... Ke7 39. b5 h4 40. gxh4 (40. Rxb6 hxg3 (40... Rxc3+ 41. Kd1 $11) 41. fxg3 Rxc3+ 42. Kd1 Rh2 (42... Rxf3 $2 43. Ra7+ Kf8 44. Rxh7 $18) (42... Bxg3 43. Rxg6 Bc7 44. Ra7 $14) 43. Ra7+ Ke8) 40... Rxh4 41. Bd5 (41. Rxg6 $2 {loses.} Rxc3+ 42. Kd2 Rxf3 $19) 41... Rxc6 42. bxc6 Rh2 43. Kb3 Rxf2 ({Black should play} 43... Kd6 $11 44. c4 b5 (44... Rxf2 45. Ra7 $14)) 44. Ra7+ $14 Kd8 $2 (44... Kf6 $1 $14) 45. Rd7+ $18 Kc8 (45... Ke8 {was necessary.} 46. Bf7+ Kf8) 46. Be6 $18 Rf4 47. Rh7+ $2 (47. Rd5+ $18 Kc7 48. Rxe5 Kxc6 49. Bf7) 47... Kd8 $11 48. Rd7+ $2 (48. Bc4 $11 Rf3 49. Kb4 (49. Rd7+ Kc8 $11)) 48... Kc8 $18 49. Rd5+ Kc7 50. Rxe5 Kxc6 51. Bf7 g5 {[%emt 0:00:44] [#]} 52. Bg6 $1 g4 $2 (52... Kd6 $18 53. Rxf5 Rg4 54. Rf6+ Kc5) 53. Rxf5 Rxf5 54. Bxf5 g3 {[%emt 0:00:03] [#]} 55. Kc4 $1 Kd6 56. Be4 Ke5 57. Bg2 Kf4 58. Kd4 Kf5 59. Ke3 Ke5 60. Bf1 Kd5 61. Bb5 1-0

[Event "29th Bosnjaci Open 2025"]
[Site "Bosnjaci"]
[Date "2025.01.06"]
[Round "6.3"]
[White "Fercec, Nenad"]
[Black "Hadzovic, Amir"]
[Result "1/2-1/2"]
[ECO "C71"]
[WhiteElo "2382"]
[BlackElo "2316"]
[Annotator "RC"]
[PlyCount "55"]
[EventDate "2025.01.04"]
[EventType "swiss"]
[EventCountry "CRO"]
[SourceTitle "playchess.com"]
[Source "ChessBase"]
[SourceQuality "1"]
[TimeControl "5400+30"]

1. e4 e5 2. Nf3 Nc6 3. Bb5 a6 4. Ba4 d6 5. c4 Bg4 6. h3 Bxf3 7. Bxc6+ bxc6 8. Qxf3 Nf6 9. Nc3 Nd7 10. d3 Nc5 11. O-O Ne6 12. Ne2 g6 13. Qg3 Bg7 14. Rb1 O-O 15. f4 exf4 16. Nxf4 Be5 17. Qg4 Nd4 18. Be3 a5 19. Kh1 Qe7 20. Qd1 Qh4 21. Ne2 Nxe2 22. Qxe2 c5 23. Bf2 Qg5 24. Qf3 a4 25. Be3 Qh4 26. Bf2 Qg5 27. Be3 Qh4 28. Bf2 1/2-1/2

[Event "29th Bosnjaci Open 2025"]
[Site "Bosnjaci"]
[Date "2025.01.06"]
[Round "6.4"]
[White "Gal, Andrej"]
[Black "Djuric, Leon"]
[Result "1-0"]
[ECO "D35"]
[WhiteElo "2256"]
[BlackElo "2145"]
[Annotator "TA"]
[PlyCount "119"]
[EventDate "2025.01.04"]
[EventType "swiss"]
[EventCountry "CRO"]
[SourceTitle "playchess.com"]
[Source "ChessBase"]
[SourceQuality "1"]
[TimeControl "5400+30"]

1. d4 d5 2. c4 e6 3. Nf3 a6 4. cxd5 exd5 5. Nc3 Nf6 6. Bg5 Be7 7. e3 O-O 8. Bd3 Be6 9. O-O Nbd7 10. Qc2 h6 11. Bh4 c5 12. dxc5 Nxc5 13. Nd4 Rc8 14. Rac1 Qb6 15. Rfd1 Rfd8 16. Qb1 (16. Bf5 {is more complex.} Nce4 17. Nxe6 fxe6 18. Qb3) 16... Nxd3 17. Rxd3 g5 18. Bg3 Ne4 19. Nxe4 dxe4 20. Rdc3 Rxc3 21. Rxc3 Bc5 (21... Qb4 $14) 22. Nb3 $2 (22. Qxe4 $2 Qxb2 23. Qc2 Qxc2 (23... Qxa2 24. Qxa2 Bxa2 25. Rxc5 $18) 24. Rxc2 Bxd4 25. exd4 Rxd4 $19) (22. Nxe6 $16 Qxb2 23. Qf1 (23. Qc1 $2 Qxc3 24. Qb1 Qd3 $19) 23... Qxc3 24. Nxd8) 22... Bxb3 $11 23. Rxb3 Qc6 24. h3 Qd5 25. Kh2 Bd6 26. Qc2 Bxg3+ 27. fxg3 {[%emt 0:00:01][%mdl 4096] Endgame KQR-KQR} b5 28. Ra3 Qb7 (28... Qe6 $11) 29. Rc3 $1 $14 Qe7 ({Black should try} 29... Qd5 $14) 30. Rc6 $16 Kh7 $2 (30... h5 $16) 31. Rxa6 $18 h5 32. Qf2 ({White should try} 32. Qe2 $18) 32... h4 (32... Rd5 $16 33. b3 (33. Qe2 h4 $14) 33... Kg7) 33. gxh4 Qc7+ 34. Qg3 Qxg3+ 35. Kxg3 gxh4+ 36. Kxh4 {[%emt 0:00:33] KR-KR. White is two pawns up.} Rd2 37. g4 Rxb2 38. Kg5 Rf2 39. h4 Rf3 40. Ra3 $1 Kg7 41. Kh5 (41. Rb3 $18) 41... Rf6 {[%emt 0:01:26] [#]} (41... Rf2 $16 42. Kg5 Rf1) 42. g5 (42. Rb3 $1 $18) 42... Rd6 (42... Rf3 $16 {keeps fighting.}) 43. Kg4 Rd2 44. h5 Rf2 $2 (44... Rg2+ {is a better chance.} 45. Kf4 Rf2+ 46. Kg3 (46. Kxe4 Rh2 $16) 46... Re2) 45. Ra7 {[%emt 0:01:00] Black must now prevent g6.} Kg8 46. Ra8+ Kg7 47. Ra3 (47. h6+ $142 Kh7 48. a3) 47... Rf3 $2 (47... Rg2+ 48. Kf4 Rf2+ 49. Kg3 (49. Kxe4 Rh2 $16) 49... Rf1) 48. Rb3 Kh7 $2 (48... b4 49. a4 (49. Rxb4 Rxe3 50. a4 Re1 $16) 49... bxa3) 49. Rxb5 {[%emt 0:00:58] White wants to mate with Rf5.} Rxe3 50. Rb7 Kg8 51. Rb8+ Kg7 (51... Kh7 $142 52. a4 Re1) 52. Kf4 $2 (52. Kf5 Rf3+ 53. Kxe4) 52... Ra3 53. h6+ (53. Kxe4 Rxa2 54. h6+ Kh7 $11) 53... Kh7 {[%emt 0:01:29] [#]} 54. Rf8 $1 (54. Kxe4 Rxa2 55. Rb6 Re2+ 56. Kf3 Re1 $11) 54... Rxa2 $2 (54... Kg6 $18 55. Rg8+ (55. Kxe4 Ra4+ 56. Kd3 Ra3+ 57. Kc4 Rxa2 $16) 55... Kh7 56. Rg7+ Kh8 57. Kxe4 (57. Rxf7 $2 Rf3+ 58. Kxe4 Rxf7 $19) 57... Ra4+ 58. Kf5 Ra5+ 59. Kg4 Ra4+ 60. Kh5 f6) 55. Rxf7+ Kg8 56. Rb7 Rg2 57. Rb5 (57. Kxe4 Rxg5 58. Rc7 Rh5 $11 (58... Kh8 59. Rc8+ Kh7 60. Kf3 $11)) 57... Kh7 58. Rb7+ ({Weaker is} 58. Kxe4 Kg6 $16) (58. Rb6 $18 e3 59. Rb7+ (59. Kxe3 Rxg5 60. Kf4 Rh5 $11) 59... Kg8 60. Rg7+ (60. Kxe3 Rxg5 61. Rg7+ Rxg7 $11) 60... Kh8 61. Re7 (61. Kxe3 Re2+ 62. Kf4 Re4+ 63. Kf5 Re5+ 64. Kg4 Re4+ 65. Kf3 Re3+ 66. Kg4 Re4+ 67. Kg3 Re3+ 68. Kg4 Re4+ $11) 61... Rf2+ 62. Kg4 (62. Kxe3 Rg2 $18)) 58... Kg8 59. Kf5 ({Inferior is} 59. Kxe4 Rxg5 60. Kf4 Rh5 $11) 59... Rf2+ 60. Kxe4 1-0

[Event "29th Bosnjaci Open 2025"]
[Site "Bosnjaci"]
[Date "2025.01.06"]
[Round "6.5"]
[White "Besedes, Danilo"]
[Black "Maravic, Ivan"]
[Result "0-1"]
[ECO "B07"]
[WhiteElo "2239"]
[BlackElo "2074"]
[Annotator "TA"]
[PlyCount "104"]
[EventDate "2025.01.04"]
[EventType "swiss"]
[EventCountry "CRO"]
[SourceTitle "playchess.com"]
[Source "ChessBase"]
[SourceQuality "1"]
[TimeControl "5400+30"]

1. d4 Nf6 2. g3 g6 3. Bg2 Bg7 4. e4 d6 5. Nc3 O-O 6. Nge2 c5 7. dxc5 dxc5 8. Qxd8 Rxd8 9. Be3 Na6 10. h3 {[%emt 0:00:07] Prevents Ng4.} e5 11. Nd5 Nxd5 12. exd5 Nb4 13. O-O-O Bf5 14. Rd2 $1 Nxa2+ 15. Kb1 Nb4 16. g4 $1 (16. Bxc5 $2 Nxc2 17. Ka2 (17. Rxc2 $2 Rac8 $19) 17... Bh6 $19) 16... Bd7 17. Bxc5 Bf8 18. Bxf8 Kxf8 19. c3 (19. Re1 $16) 19... Na6 $11 20. g5 Nc5 21. Ng3 Rac8 22. Re1 Re8 23. Re3 Kg7 24. Ka2 b5 (24... a5 $11) 25. b4 $16 Na4 26. Ne4 Red8 27. Kb3 Nb6 {[%emt 0:03:53] [#]} 28. Nd6 {[%emt 0:01:12] Prevents Nc4} ({White should try} 28. Bf1 $1 $16) 28... Nc4 $14 29. Nxc4 bxc4+ 30. Kb2 (30. Ka3 $14 {should be considered.}) 30... a5 $1 $11 31. bxa5 {[%emt 0:00:12][%cal Od5d6] d6! is the strong threat.} Ra8 32. Kc1 Rxa5 {[%emt 0:01:10] ( -> ...Ra1+)} 33. Rb2 Re8 34. Kd2 Bf5 35. d6 Ra6 36. Be4 Rxd6+ 37. Ke2 Be6 38. Rb5 Ra6 (38... h6 $15 39. h4 (39. gxh6+ Kxh6 40. Rxe5 Bg4+ 41. Bf3 Rxe5 $17) 39... hxg5 40. hxg5 Red8) 39. Rc5 (39. Bd5 $1 $11) 39... Ra2+ 40. Kf3 Rd8 {[%emt 0:00:53] Repels Bd5} 41. Kg3 Rd1 42. Rxe5 {[%emt 0:00:41] [#]} Rg1+ $1 43. Bg2 Rc1 {[%emt 0:00:34] Black is much more active.} (43... Rc2 $17) 44. Rf3 (44. Bd5 $11 {keeps the balance.}) 44... Rac2 45. Ree3 $2 (45. h4 $17 {is more resistant.}) 45... Bd5 $19 46. Rf4 Rg1 47. Rfe4 Bxe4 48. Rxe4 Rxc3+ 49. Kh2 Rd1 {[%emt 0:00:29] And now ...Rd2 would win.} 50. Rf4 Rd7 51. Bf1 Rc7 52. Kg2 Rc1 0-1

[Event "29th Bosnjaci Open 2025"]
[Site "Bosnjaci"]
[Date "2025.01.06"]
[Round "6.6"]
[White "Petricevic, Mateo"]
[Black "Culum, Sanjin"]
[Result "0-1"]
[ECO "A46"]
[WhiteElo "2060"]
[BlackElo "2446"]
[Annotator "TA"]
[PlyCount "66"]
[EventDate "2025.01.04"]
[EventType "swiss"]
[EventCountry "CRO"]
[SourceTitle "playchess.com"]
[Source "ChessBase"]
[SourceQuality "1"]
[TimeControl "5400+30"]

1. d4 Nf6 2. Nf3 d5 3. g3 e6 4. Bg2 b5 5. O-O Bb7 6. Bg5 Nbd7 7. Qd3 a6 8. Ne5 {[%emt 0:03:10] The position is equal.} Nb6 9. Nd2 h6 10. Bxf6 gxf6 11. Nef3 f5 12. b3 b4 13. a3 bxa3 14. c4 c5 15. e3 {[%emt 0:16:12][%mdl 1024] White has compensation.} Rc8 {[%emt 0:03:41] [#]} (15... Nd7 $14) 16. Rfc1 ({White should try} 16. dxc5 $1 $16 Rxc5 (16... Bxc5 17. Qc3 $16) 17. b4 (17. Rxa3 Rc8 $11) 17... Rxc4 18. Nxc4 Nxc4 19. Nd2 Nxd2 20. Qxd2) 16... Be7 (16... Bg7 $1 $11 {remains equal.}) 17. Ra2 (17. dxc5 $16 Rxc5 (17... Bxc5 18. Qc3 $16) 18. b4 Rxc4 19. Nxc4 Nxc4 20. Nd2 Nxd2 21. Qxd2) 17... O-O $15 18. Qe2 (18. Qc3 $11) 18... Nd7 ({Black should play} 18... a5 $17 19. Ne5 a4 20. bxa4 cxd4 21. exd4 Ba6 (21... Nxa4 22. Qe3 $16)) 19. Ne5 (19. Nb1 $11) 19... Nf6 20. g4 (20. h4 $15) 20... fxg4 $17 21. Nxg4 (21. Rxa3 $142 cxd4 22. Ra4) 21... Nxg4 $19 22. Qxg4+ Kh7 {[%emt 0:00:01][%cal Od5c4] Threatens to win with ...dxc4!} 23. Qh5 f5 {[%emt 0:02:38] Strongly threatening ...Rg8.} 24. Qh3 $2 (24. Kh1) 24... Rg8 25. Kf1 (25. Kh1 $142) 25... Qd7 26. cxd5 Bxd5 27. e4 (27. Bxd5 $142 Qxd5 28. Re1) 27... Qb5+ 28. Kg1 (28. Rc4 $142 Bxc4+ 29. Nxc4 cxd4 30. Qd3) 28... fxe4 {[%emt 0:00:32] Hoping for ...e3.} (28... cxd4 29. Rxc8 Rxc8 30. exd5 $11) 29. Kh1 {[%emt 0:00:37] [#]} Rxg2 $1 30. Qxg2 Rg8 (30... Bxb3 $2 {perishes.} 31. Rg1 (31. Rxa3 Bd5 $18) (31. Qxe4+ Kh8 $16) 31... Bg5 32. Qxe4+ (32. Rxa3 Bd5 $18) 32... Kh8 33. Nxb3 (33. Rxa3 $2 Bd5 $19) 33... Qxb3 34. Rc2 $18) 31. Qh3 {[%emt 0:00:47] White is weak on the dark squares} e3+ {[%emt 0:00:07] Black mates.} 32. Nf3 Qb7 33. fxe3 Bxf3+ {[%emt 0:00:06] Weighted Error Value: White=1.06/Black=0.34.  Mistake:       	White=10    	Black=3      Inaccurate:     	White=3     	Black=4      OK:         	White=4     	Black=10} 0-1

[Event "29th Bosnjaci Open 2025"]
[Site "Bosnjaci"]
[Date "2025.01.06"]
[Round "6.7"]
[White "Muratovic, Efim"]
[Black "Starcevic, Ante Leon"]
[Result "1-0"]
[ECO "D78"]
[WhiteElo "2322"]
[BlackElo "2200"]
[Annotator "TA"]
[PlyCount "45"]
[EventDate "2025.01.04"]
[EventType "swiss"]
[EventCountry "CRO"]
[SourceTitle "playchess.com"]
[Source "ChessBase"]
[SourceQuality "1"]
[TimeControl "5400+30"]

1. Nf3 Nf6 2. g3 g6 3. Bg2 Bg7 4. O-O O-O 5. d4 d5 6. Nbd2 c6 7. c4 Ne4 8. e3 Nxd2 9. Nxd2 b6 (9... Be6 $11) 10. a4 a5 11. cxd5 cxd5 12. b4 axb4 {[%emt 0:13:11] next ...Nc6 is good for Black.} 13. Qb3 e6 {[%emt 0:02:47] Threatens to win with ...Ba6.} 14. Qxb4 Ba6 15. Re1 Nc6 16. Qb1 Qd7 17. Ba3 Rfb8 18. Rc1 b5 (18... e5 $15) 19. axb5 $11 Bxb5 20. Bc5 {[%emt 0:04:06] Rxa8 is the strong threat.} Na5 21. Qb4 Nc4 $2 {[%emt 0:05:03][%mdl 8192] [#]} (21... Nb7 $11 {and Black is okay.}) 22. Rxa8 $1 $18 Rxa8 {[%emt 0:00:04] [#]} 23. Nxc4 $1 1-0

[Event "29th Bosnjaci Open 2025"]
[Site "Bosnjaci"]
[Date "2025.01.06"]
[Round "6.10"]
[White "Franc, Borna"]
[Black "Vidovic, Sasa"]
[Result "1/2-1/2"]
[ECO "B07"]
[WhiteElo "2287"]
[BlackElo "2173"]
[Annotator "TA"]
[PlyCount "54"]
[EventDate "2025.01.04"]
[EventType "swiss"]
[EventCountry "CRO"]
[SourceTitle "playchess.com"]
[Source "ChessBase"]
[SourceQuality "1"]
[TimeControl "5400+30"]

1. e4 d6 2. d4 Nf6 3. Nc3 c6 4. f4 Qa5 5. Bd3 e5 6. Nf3 Bg4 7. Be3 Nbd7 8. O-O Be7 9. h3 Bh5 10. g4 exf4 11. Bxf4 Bg6 12. Nh4 Qb6 13. Be3 O-O $1 14. Nf5 Bxf5 15. exf5 h6 $1 16. Qd2 Nh7 17. Kg2 Bg5 18. Bxg5 hxg5 19. Qf2 Ndf6 20. Rab1 Rfe8 21. Rh1 Re7 22. Be2 Ne4 23. Nxe4 Rxe4 24. c3 (24. d5 $1 $15) 24... Rf4 (24... Rae8 $17 25. Bf3 Re3) 25. Bf3 $11 {[%emt 0:00:55] and h4 should not be overlooked} Nf6 26. Rhe1 Re4 $2 27. Rh1 $2 (27. Bxe4 $18 Qa5 28. h4) 27... Re7 1/2-1/2

[Event "29th Bosnjaci Open 2025"]
[Site "Bosnjaci"]
[Date "2025.01.06"]
[Round "6.11"]
[White "Vujnovic, Patricija"]
[Black "Zadravec, Matija"]
[Result "0-1"]
[ECO "E49"]
[WhiteElo "2121"]
[BlackElo "2283"]
[Annotator "TA"]
[PlyCount "92"]
[EventDate "2025.01.04"]
[EventType "swiss"]
[EventCountry "CRO"]
[SourceTitle "playchess.com"]
[Source "ChessBase"]
[SourceQuality "1"]
[TimeControl "5400+30"]

1. d4 Nf6 2. c4 e6 3. Nc3 Bb4 4. e3 O-O 5. Bd3 d5 6. a3 Bxc3+ 7. bxc3 dxc4 8. Bxc4 c5 9. Ne2 Qc7 10. Bd3 Nc6 11. O-O e5 12. Qc2 Be6 13. Ng3 Rfd8 14. f4 exd4 15. cxd4 Na5 16. Bb2 Bb3 17. Qd2 Bc4 18. Rad1 Rac8 19. Qe2 (19. e4 $11 {remains equal.}) 19... Bxd3 $17 20. Rxd3 c4 $1 21. Rc3 Nd5 (21... Nb3 $17 {and ...b5 should not be overlooked} 22. Rd1 Nd5) 22. Qg4 $2 {[%emt 0:00:15] [#]} (22. e4 $1 $11 Re8 (22... Nxc3 23. Bxc3 f6 24. Nf5 $19) (22... Nxf4 23. Qg4 $16) 23. Qg4) 22... Qb6 $1 $17 (22... Nxc3 23. Bxc3 f6 24. Nh5 $16) 23. Rf2 Qg6 24. Qf3 f5 (24... Nb3 $17 25. f5 Qc6 26. Rxb3 cxb3) 25. e4 $1 $11 fxe4 (25... Nxc3 26. Qxc3 fxe4 27. Qxa5) 26. Nxe4 Qf5 27. g4 Qf8 (27... Qg6 $5) 28. f5 Nb3 $1 (28... Nxc3 29. Bxc3 Nc6 (29... Qxa3 $2 30. f6 $18) 30. f6 $16) 29. Ng5 $2 (29. g5 $11) 29... Qf6 (29... Nxc3 30. Qh3 h6 31. Ne6 $11) (29... Nxd4 $19 30. Qe4 Qc5 (30... Nxc3 31. Bxc3 h6 32. f6 $16)) 30. Ne4 (30. Ne6 $17 Nxd4 31. Qg3 Nxe6 32. Rxc4) 30... Qb6 $19 (30... Qxd4 $2 31. Rxb3 c3 32. Nxc3 $18 (32. Bxc3 Nxc3 33. Rxc3 Rxc3 $18)) 31. f6 $2 (31. Rcc2) 31... Nxf6 $2 (31... Nxd4 $19 {and Black stays clearly on top.} 32. Qd1 (32. f7+ $2 Kf8 $17) 32... Nxc3 (32... Nxf6 $2 33. Nxf6+ gxf6 34. Rg3 $19) 33. f7+ Kh8 34. Bxc3 Nb5) 32. Nxf6+ $17 gxf6 33. Re3 Nxd4 34. Qxf6 $2 (34. Qe4 $17) 34... Qxf6 $19 35. Rxf6 {[%emt 0:00:01] [#]} c3 $1 36. Bxc3 Rxc3 37. Re7 (37. Rxc3 $142 Ne2+ 38. Kf2 Nxc3 39. Re6) 37... Rf3 38. Rh6 $2 (38. Rxf3 Nxf3+ 39. Kf2) 38... Rdf8 39. Rexh7 R8f7 ({Not} 39... Rxa3 40. Rh8+ Kf7 41. R8h7+ Ke8 42. Rxb7 Ra1+ 43. Kg2 Ra2+ 44. Kg3 Rf3+ 45. Kh4 Rxh2+ 46. Kg5 Rxh6 47. Kxh6 $19) (39... Ne2+ $142 40. Kg2 Rf2+ (40... Rxa3 41. Rh8+ Kg7 42. R6h7+ Kg6 43. Rh6+ Kf7 44. R8h7+ Kg8 45. Rh8+ Kg7 46. R8h7+ Kg8 $11) 41. Kh1 Rf1+ 42. Kg2 R8f2+ 43. Kh3 Nf4+ 44. Kh4 Rxh2+ 45. Kg3 Rg2+ 46. Kh4 Ne6 47. Rh8+ Kf7 48. R8h7+ Ng7) 40. Rh8+ $19 Kg7 41. R6h7+ Kg6 42. Rh6+ $2 (42. Rxf7 {was forced.} Rxf7 (42... Kxf7 $2 43. Rh7+ Kf6 44. Rxb7 $19) 43. Kg2) 42... Kg5 $19 43. Rh5+ Kf4 44. g5 Rg7 45. h4 $2 (45. R8h7 $19 Rxg5+ 46. Rxg5 Kxg5 47. Rxb7) 45... Kg3 46. Re8 Rgf7 0-1